Map: Pillars of Gold LE

Players

YenFu - Winner!

  • Race: Protoss Protoss
  • League: Master
  • Spawn Location: 7:00

Thaniri

  • Race: Terran Terran
  • League: Master
  • Spawn Location: 1:00

VOD

Have the link to the VOD?

Description

Time

  • Played on: Aug. 16, 2020, 11:45 a.m.
  • Length: 13:30
Show
View Real Time Build Order
Export as new Build Order

YenFu Protoss - Winner!

Build Orders: 1 Gate Expand, Blink Stalkers 

Get SALT Encoding   

  12  0:00  Probe  
  13  0:12  Probe  
  14  0:17  Pylon  
  14  0:24  Probe (Chrono Boost)  
  15  0:38  Probe (Chrono Boost), Gateway  
  16  0:43  Probe (Chrono Boost)  
  16  0:48  Assimilator  
  17  0:52  Probe  
  18  1:04  Probe  
  19  1:16  Probe  
  20  1:26  Cybernetics Core  
  20  1:37  Nexus  
  20  1:45  Pylon  
  20  1:46  Probe  
  21  1:54  Assimilator  
  21  1:58  Probe  
  22  2:04  Stalker (Chrono Boost)  
  24  2:12  Probe  
  24  2:13  Warp Gate  
  25  2:24  Probe  
  25  2:28  Twilight Council  
  26  2:37  Probe (Chrono Boost)  
  27  2:39  Stalker  
  29  2:49  Probe (Chrono Boost)  
  31  2:51  Probe (Chrono Boost)  
  31  2:57  Probe (Chrono Boost)  
  33  2:58  Probe (Chrono Boost)  
  33  2:59  Blink (Chrono Boost)  
  33  3:03  Probe (Chrono Boost)  
  33  3:05  Probe  
  35  3:15  Probe  
  35  3:17  Probe  
  37  3:23  Robotics Facility  
  37  3:27  Probe  
  37  3:29  Probe  
  37  3:31  Gateway  
  39  3:36  Gateway  
  39  3:41  Probe x2  
  40  3:46  Pylon  
  41  3:51  Pylon  
  41  3:53  Probe  
  41  3:54  Probe  
  43  4:05  Probe, Stalker  
  43  4:06  Probe  
  47  4:10  Observer (Chrono Boost)  
  48  4:17  Probe  
  48  4:19  Probe  
  48  4:22  Nexus  
  50  4:25  Pylon  
  50  4:29  Stalker  
  50  4:30  Observer (Chrono Boost)  
  53  4:31  Stalker  
  53  4:33  Probe  
  53  4:34  Probe  
  57  4:40  Stalker  
  57  4:45  Probe  
  60  4:47  Observer  
  60  4:50  Probe  
  60  4:51  Forge  
  62  4:57  Gateway  
  62  4:59  Gateway  
  62  5:00  Probe  
  62  5:04  Gateway  
  62  5:06  Charge  
  63  5:08  Probe  
  64  5:16  Probe, Protoss Ground Armor Level 1 (Chrono Boost)  
  64  5:26  Probe, Gateway  
  64  5:27  Gateway  
  65  5:28  Probe  
  65  5:29  Pylon  
  66  5:37  Probe  
  66  5:38  Probe  
  66  5:40  Assimilator  
  66  5:41  Sentry  
  70  5:44  Zealot x2  
  70  5:45  Probe  
  70  5:49  Probe  
  76  5:52  Pylon  
  76  5:55  Zealot  
  76  5:56  Probe  
  79  5:57  Pylon  
  79  5:58  Sentry  
  81  6:08  Zealot  
  81  6:09  Zealot x3  
  89  6:12  Probe x2  
  91  6:21  Zealot x2  
  95  6:26  Probe x3  
  95  6:27  Pylon  
  95  6:29  Pylon  
  95  6:31  Forge  
  95  6:32  Immortal  
  102  6:39  Zealot x3  
  108  6:46  Probe x2  
  110  6:49  Zealot x4  
  117  6:55  Zealot  
  119  7:02  Robotics Bay  
  119  7:04  Pylon  
  119  7:05  Protoss Ground Weapons Level 1 (Chrono Boost)  
  119  7:07  Protoss Ground Armor Level 2 (Chrono Boost)  
  119  7:14  Zealot x3  
  125  7:16  Assimilator  
  125  7:21  Assimilator  
  125  7:22  Shield Battery  
  125  7:24  Pylon  
  125  7:25  Pylon x3  
  125  7:35  Zealot  
  125  7:36  Zealot x3  
  133  7:42  Stalker x2  
  137  7:48  Probe x2  
  137  7:49  Probe  
  137  7:50  Stalker x2  
  140  8:00  Colossus (Chrono Boost)  
  146  8:18  Extended Thermal Lance (Chrono Boost)  
  146  8:20  Nexus  
  146  8:21  Pylon  
  146  8:24  Stalker x2  
  146  8:25  Stalker  
  152  8:29  Zealot x3  
  158  8:35  Probe x3  
  161  8:42  Stalker  
  161  8:43  Stalker  
  161  8:46  Colossus (Chrono Boost)  
  165  8:54  Pylon  
  169  9:03  Pylon  
  169  9:04  Pylon  
  169  9:06  Pylon  
  169  9:07  Pylon  
  169  9:09  Pylon  
  169  9:16  Stalker  
  169  9:17  Stalker x4  
  172  9:23  Probe x2  
  172  9:24  Probe  
  168  9:41  Probe x2  
  167  9:51  Probe  
  153  9:56  Probe  
  120  10:04  Zealot  
  100  10:13  Probe  
  95  10:19  Colossus (Chrono Boost)  
  95  10:21  Probe x2  
  94  10:27  Observer  
  91  10:32  Probe (Chrono Boost)  
  91  10:35  Sentry, Zealot x2  
  94  10:42  Probe (Chrono Boost)  
  98  10:44  Probe (Chrono Boost)  
  99  10:50  Probe (Chrono Boost), Zealot x3  
  99  10:51  Zealot  
  99  10:53  Observer  
  105  10:57  Zealot x3  
  105  11:03  Probe, Colossus (Chrono Boost)  
  118  11:11  Sentry  
  120  11:18  Stalker x3  
  120  11:23  Probe x2  
  128  11:29  Pylon  
  128  11:30  Stalker x3  
  134  11:38  Stalker  
  134  11:39  Stalker  
  136  11:45  Zealot x3  
  142  11:55  Zealot  
  142  11:56  Zealot x2  
  144  12:08  Zealot x3  
  144  12:09  Zealot x2  
  150  12:20  Stalker x3  
  154  12:38  Probe x2  
  154  12:40  Zealot  
  154  12:42  Sentry  
  160  12:55  Stalker x2  
  160  12:57  Probe x2  
  160  12:58  Probe  
  153  13:06  Zealot x2  
Show
View Real Time Build Order
Export as new Build Order

Thaniri Terran 

Build Orders: Reaper Expand 

Get SALT Encoding   

  12  0:00  SCV  
  13  0:12  SCV  
  14  0:18  Supply Depot  
  14  0:24  SCV  
  15  0:39  SCV  
  15  0:40  Barracks  
  16  0:44  Refinery  
  16  0:51  SCV  
  17  1:03  SCV  
  18  1:15  SCV  
  19  1:30  Reaper, Orbital Command  
  20  1:44  Command Center  
  20  1:53  Supply Depot  
  20  1:56  SCV  
  21  2:02  Marine  
  21  2:08  SCV  
  23  2:14  Factory  
  23  2:20  SCV  
  24  2:23  Barracks Reactor  
  24  2:32  SCV  
  25  2:44  Command Center  
  25  2:46  SCV  
  26  2:56  Orbital Command  
  26  2:58  SCV  
  27  3:01  Widow Mine  
  29  3:05  Marine  
  29  3:08  Marine  
  29  3:10  SCV  
  32  3:20  Starport  
  32  3:22  SCV x2  
  32  3:26  Refinery  
  34  3:27  Factory Tech Lab  
  34  3:32  Marine  
  34  3:34  SCV, Marine  
  35  3:35  SCV  
  38  3:43  Refinery  
  38  3:46  SCV  
  38  3:47  SCV  
  40  3:53  Marine x2  
  42  3:56  Orbital Command  
  42  3:58  SCV  
  42  3:59  SCV  
  44  4:10  SCV, Raven, Marine  
  44  4:11  Marine  
  44  4:13  Factory Tech Lab  
  44  4:14  SCV  
  50  4:18  Supply Depot  
  50  4:22  SCV x2  
  52  4:28  SCV, Marine  
  52  4:29  Marine  
  55  4:32  Siege Tank  
  55  4:34  SCV  
  55  4:37  Barracks  
  59  4:39  SCV  
  59  4:40  SCV, Barracks  
  61  4:46  SCV  
  61  4:47  Marine x2  
  61  4:48  Bunker  
  64  4:52  Supply Depot  
  64  4:54  Supply Depot  
  64  5:00  Starport Reactor  
  64  5:04  SCV, Siege Tank  
  68  5:07  SCV  
  68  5:12  Supply Depot  
  69  5:14  SCV, Marine x2  
  69  5:16  SCV  
  73  5:26  SCV  
  73  5:27  SCV, Engineering Bay  
  75  5:32  Supply Depot x2, Marine x2  
  75  5:33  Refinery  
  78  5:42  Stimpack  
  78  5:43  Medivac, Marauder  
  78  5:44  SCV, Medivac  
  78  5:47  Supply Depot, Orbital Command  
  78  5:48  Supply Depot, Factory Tech Lab  
  84  5:50  Marauder  
  84  5:54  SCV  
  84  5:56  SCV  
  88  6:01  Marine x2  
  90  6:07  SCV  
  90  6:12  SCV x2  
  90  6:14  Terran Infantry Weapons Level 1  
  88  6:22  SCV  
  88  6:24  SCV, Missile Turret  
  88  6:25  SCV, Combat Shield  
  91  6:26  Marine x2  
  91  6:27  Marauder x2  
  97  6:42  SCV  
  97  6:44  Medivac, Siege Tank  
  97  6:45  SCV  
  97  6:46  SCV, Barracks  
  105  6:47  Barracks  
  103  6:54  SCV  
  103  6:56  Marauder x2, Marine x2  
  103  6:57  SCV  
  111  7:04  SCV  
  111  7:06  SCV  
  113  7:09  Refinery  
  113  7:10  SCV  
  113  7:18  Supply Depot  
  113  7:20  Supply Depot x2, Marine, Siege Tank  
  117  7:25  Viking x2  
  117  7:28  Marauder, Marine x2  
  125  7:37  Barracks Reactor, Supply Depot  
  125  7:38  Barracks Tech Lab  
  125  7:40  Marine  
  126  7:46  Marauder, Marine  
  126  7:49  Marine  
  130  7:53  Siege Tank  
  130  7:55  Liberator x2  
  130  7:58  Marine  
  140  8:02  Barracks  
  140  8:03  Marine  
  140  8:04  Concussive Shells  
  140  8:05  Marauder, Barracks  
  143  8:07  Marauder  
  143  8:08  Marauder  
  147  8:15  Supply Depot x2, Marine  
  147  8:17  Supply Depot, Marine x2  
  147  8:18  Missile Turret  
  150  8:20  Terran Infantry Armor Level 1  
  150  8:21  Missile Turret, Marine  
  150  8:25  Siege Tank  
  150  8:26  Marine  
  155  8:28  Marine  
  155  8:29  Marine  
  157  8:36  Marine x2  
  157  8:38  Viking x2  
  163  8:42  Supply Depot x2  
  163  8:45  Supply Depot, Marine x2  
  163  8:46  Marauder, Marine x2  
  169  8:54  Marine x2  
  173  9:01  Siege Tank  
  176  9:03  Marine x2  
  176  9:04  Marauder  
  176  9:05  Marauder, Barracks Tech Lab x2  
  176  9:07  Marine  
  176  9:08  Ghost Academy  
  176  9:09  Command Center  
  181  9:11  Marine x2  
  183  9:21  Marine x2  
  185  9:25  Marine x2  
  187  9:34  Marauder, Marine x2  
  191  9:42  Marauder, Marine x4  
  191  9:43  Marine  
  184  9:53  Marine x2  
  184  9:55  Marine  
  149  10:00  Marine x2  
  149  10:01  Marauder x2, Marine  
  149  10:03  Marine  
  137  10:07  Command Center, Liberator  
  137  10:08  Siege Tank, Liberator  
  137  10:10  SCV  
  137  10:11  Armory, Marine x2  
  137  10:12  Engineering Bay  
  137  10:13  Marauder  
  136  10:19  Ghost  
  136  10:20  Marine, Personal Cloaking  
  136  10:21  Ghost  
  136  10:23  Marine  
  136  10:24  Marine x2  
  137  10:29  Marine  
  138  10:45  Command Center  
  138  10:46  Marauder  
  140  10:50  Viking x2  
  140  10:53  Siege Tank  
  147  11:11  Ghost x2  
  147  11:12  Marauder x2, Terran Infantry Weapons Level 2  
  147  11:13  Terran Infantry Armor Level 2  
  155  11:23  Refinery  
  155  11:26  Command Center  
  155  11:30  Planetary Fortress  
  155  11:38  Marine x3  
  158  11:42  Ghost  
  158  11:43  Marauder, Marine  
  158  11:44  Refinery  
  163  11:47  Marine  
  164  12:05  Marine x2  
  164  12:06  Marauder  
  164  12:14  Refinery  
  164  12:19  Ghost x2  
  164  12:20  Marine, Nuke  
  164  12:31  Marine  
  164  12:32  Marauder, Marine, Siege Tank  
  171  12:40  Planetary Fortress  
  171  12:43  Missile Turret  
  171  12:44  Missile Turret  
  171  12:45  Missile Turret  
  171  12:51  Marine  
  172  12:55  Missile Turret  
  178  13:00  Missile Turret  
Tags
 
Add a new tag
Caveats
  • Supply blocks, unpowered buildings, or Contaminate may cause inaccurate times.
  • Supply counts are checked every 10 seconds.